 Dungeon Crawl Stone Soup version bcrawl-1.19.2-6-g6a88ae04c9 (webtiles) character file.

Game seed: 10117512618532185812

40105 MisterOstroum the Quickloader (level 14, -2/106 HPs)
             Began as a Gnoll Wanderer on Jan 1, 2020.
             Was a High Priest of Cheibriados.
             Killed from afar by an electric eel (13 damage)
             ... with a bolt of electricity
             ... on level 11 of the Dungeon on Jan 2, 2020.
             The game lasted 01:28:18 (17080 turns).

MisterOstroum the Quickloader (Gnoll Wanderer)     Turns: 17080, Time: 01:28:18

Health: -2/106     AC: 14    Str: 32    XL:     14   Next: 9%
Magic:  19/26      EV: 18    Int: 30    God:    Cheibriados [*****.]
Gold:   1119       SH: 20    Dex: 29    Spells: 12/30 levels left

rFire    . . .     SeeInvis .     - Unarmed
rCold    . . .     Gourm    .   s - +0 large shield
rNeg     . . .     Faith    .   W - +0 ring mail
rPois    .         Spirit   .   C - +0 helmet
rElec    .         Reflect  .   f - +1 cloak
rCorr    +         Harm     .   l - +1 pair of gloves
MR       +....                  r - +0 pair of boots
Stlth    ++++......             (no amulet)
HPRegen  0.27/turn              F - ring of wizardry
MPRegen  0.20/turn              U - ring of resist corrosion

@: very slow
A: distributed training, fangs 1, strong nose
a: Bend Time, Temporal Distortion, Slouch, Step From Time, Renounce Religion


You were on level 11 of the Dungeon.
You worshipped Cheibriados.
Cheibriados was extremely pleased with you.
You were hungry.

You visited 2 branches of the dungeon, and saw 16 of its levels.
You also visited: Volcano.

You collected 1235 gold pieces.
You spent 116 gold pieces at shops.

Inventory:

Hand Weapons
 a - a +3 hand crossbow
 c - a +0 dagger of venom
 d - a +2 whip of freezing
 i - a +0 broad axe
Missiles
 h - 2835 stones
 H - a throwing net {!f!f}
 Q - 74 tomahawks (quivered)
 R - 798 bolts
Armour
 f - a +1 cloak (worn)
 l - a +1 pair of gloves (worn)
 r - a +0 pair of boots (worn)
 s - a +0 large shield (worn)
 C - a +0 helmet (worn)
 W - a +0 ring mail (worn)
Magical Staves
 z - an uncursed staff of air
Jewellery
 y - a +1 ring of protection
 F - a ring of wizardry (left hand)
 K - the ring of Camum {Ice rN+ Str+4 Slay-4 Stlth+}
   (You found it on level 4 of the Dungeon)

   [ring of ice]

   It enhances your ice magic.
   It affects your strength (+4).
   It affects your accuracy and damage with ranged weapons and melee attacks
   (-4).
   It makes you vulnerable to fire.
   It protects you from cold.
   It protects you from negative energy.
   It makes you more stealthy.
 U - a ring of resist corrosion (right hand)
 V - an uncursed ring of protection from cold
Wands
 x - a wand of digging (10)
 X - a wand of flame (31)
 Y - a wand of acid (5)
Scrolls
 b - a scroll of identify {@r1}
 k - a scroll of torment {unknown}
 m - a scroll of immolation
 n - a scroll of fog {!r}
 q - 5 scrolls of fear {!r}
 G - 2 scrolls of amnesia {unknown}
 L - a scroll of noise
 M - 6 scrolls of remove curse {@r2}
 N - a scroll of blinking {unknown}
 P - 6 scrolls of teleportation {@r3 !r}
 S - a scroll of magic mapping {@r5 !r}
Potions
 g - 4 potions of agility {@q5 !q}
 j - a potion of resistance
 o - 3 potions of invisibility
 p - 3 potions of mutation
 t - 6 potions of curing {@q1 !q}
 u - 2 potions of ambrosia
 v - 3 potions of flight
 w - a potion of cancellation {unknown}
 A - 3 potions of might {@q3 !q}
 B - 2 potions of magic
 I - 2 potions of heal wounds {@q2 !q}
 J - 3 potions of lignification {@q6}
 O - 2 potions of brilliance
 T - a potion of haste {unknown}
Miscellaneous
 D - a lightning rod (4/4)
Comestibles
 e - 26 rations {!d}


   Skills:
 + Level 8.5 Fighting
 + Level 8.5 Short Blades
 + Level 8.5 Long Blades
 + Level 8.5 Axes
 + Level 8.5 Maces & Flails
 + Level 8.5 Polearms
 + Level 8.5 Staves
 + Level 8.5 Slings
 + Level 8.5 Bows
 + Level 11.8 Crossbows
 + Level 8.5 Throwing
 + Level 9.0 Armour
 + Level 9.0 Dodging
 + Level 8.5 Stealth
 + Level 9.0 Shields
 + Level 9.7 Unarmed Combat
 + Level 8.5 Spellcasting
 + Level 7.1 Conjurations
 + Level 7.1 Hexes
 + Level 7.1 Charms
 + Level 7.1 Summonings
 + Level 7.1 Necromancy
 + Level 7.1 Translocations
 + Level 7.1 Transmutations
 + Level 7.1 Fire Magic
 + Level 7.1 Ice Magic
 + Level 7.1 Air Magic
 + Level 7.1 Earth Magic
 + Level 7.1 Poison Magic
 + Level 9.3 Invocations
 + Level 9.0 Evocations


You had 12 spell levels left.
You knew the following spells:

 Your Spells              Type           Power        Failure   Level  Hunger
a - Sandblast             Erth           ######       1%          1    None
b - Conjure Flame         Conj/Fire      ######..     2%          3    None
c - Mephitic Cloud        Conj/Pois/Air  ######..     2%          3    None
d - Spider Form           Tmut/Pois      ###          2%          3    None
e - Call Imp              Summ           ######       1%          2    None
f - Summon Butterflies    Summ           ######..     1%          1    None
g - Infusion              Chrm           ######..     1%          1    None
h - Slow                  Hex            ######..     1%          1    None
z - Apportation           Tloc           ######       1%          1    None
B - Blink                 Tloc           N/A          1%          2    None

Your spell library contained the following spells:

 Spells                   Type           Power        Failure   Level  Hunger
 Magic Dart               Conj           ####         1%          1    None


Dungeon Overview and Level Annotations

Branches:
Dungeon (11/12)            Temple (0/1) D:5            Lair (5/6) D:9
  Swamp (0/3) Lair:4        Snake (0/3) Lair:2        Slime (0/5) Lair:5
 Vaults (0/3) D:11
    Orc: D:8-11

Altars:
Cheibriados
Dithmenos
Gozag
Hepliaklqana
Kikubaaqudgha
Nemelex Xobeh
Qazlal
Sif Muna
Uskayaw
Vehumet
Yredelemnul
Zin
The Shining One
Jiyva

Shops:
D:4 ?[=   D:8 *   D:9 [

Annotations:
D:11 exclusions: upstairs, vault guard and 3 more exclusions
Lair:3 exclusion: oklob plant


Innate Abilities, Weirdness & Mutations

Your experience applies equally to all skills.
You have very sharp teeth.
Your uncanny sense of smell can sniff out nearby items.


Message History

The six-headed hydra bites you but does no damage.
You block the six-headed hydra's attack.
The six-headed hydra bites you.
The six-headed hydra bites you but does no damage.
The six-headed hydra bites you!
You barely miss the six-headed hydra.
The six-headed hydra is almost dead.
You block the six-headed hydra's attack.
The six-headed hydra bites you!
You block the six-headed hydra's attack. x2
The six-headed hydra bites you but does no damage.
The six-headed hydra bites you.
You barely miss the six-headed hydra.
The six-headed hydra is almost dead.
The six-headed hydra bites you. x2; The six-headed hydra bites you!
The six-headed hydra completely misses you.
The six-headed hydra bites you.
You block the six-headed hydra's attack.
You hit the six-headed hydra.
The six-headed hydra is almost dead.
You block the six-headed hydra's attack. x2
The six-headed hydra bites you! The six-headed hydra misses you.
The six-headed hydra bites you but does no damage.
The six-headed hydra closely misses you.
Evoke which item? (* to show all) (? for menu, Esc to quit)
Aiming: Corrosive Bolt
Press: ? - help, Shift-Dir - straight line, f/p - six-headed hydra
Aim: a six-headed hydra (almost dead)
The bolt of acid hits the six-headed hydra.
The six-headed hydra is splashed with acid.
You kill the six-headed hydra!
Cheibriados thoroughly appreciates the change of pace.
Your Armour skill increases to level 9!
Your Dodging skill increases to level 9!
Your Shields skill increases to level 9!
Your Evocations skill increases to level 9!
The bolt of acid hits the hungry ghost.
The hungry ghost is splashed with acid!
You destroy the hungry ghost!
Cheibriados appreciates the change of pace.
All of the chunks of flesh in your inventory have rotted away.
You see here a hydra corpse.
Okay, then.
The acid dragon roars!
You see here a scroll of identify {@r1}.
Throwing (i - inventory. (/) - cycle)
Q - 75 tomahawks (quivered)
Press: ? - help, Shift-Dir - straight line, f - acid dragon
Aim: an acid dragon (water)
You throw a tomahawk.
The tomahawk hits the acid dragon but does no damage.
The acid dragon spits acid at you. The splash of acid hits you!
You are splashed with acid!
Put on which piece of jewellery? (? for menu, Esc to quit)
You're wearing all the rings you can.
Remove which one? (? for menu, Esc to cancel) < or
F - a ring of wizardry; > or
y - a +1 ring of protection You remove your +1 ring of protection.
U - a ring of resist corrosion (right hand)
Your shield prevents you from hitting the acid dragon.
You block the acid dragon's attack. The acid dragon misses you.
You hit the acid dragon but do no damage.
You bite the acid dragon.
The acid dragon is moderately wounded.
You block the acid dragon's attack. x2
Unknown command.
Casting: Blink (safe; 1% risk of failure)
Confirm with . or Enter, or press ? or * to list all spells.
Aiming: Sandblast (safe; 1% risk of failure)
Press: ? - help, Shift-Dir - straight line, f/p - acid dragon
Aim: an acid dragon (moderately wounded, catching its breath)
The blast of sand hits the acid dragon.
The acid dragon is moderately wounded.
h - 2845 stones The acid dragon misses you.
You block the acid dragon's attack.
Casting: Sandblast (safe; 1% risk of failure)
Confirm with . or Enter, or press ? or * to list all spells.
Aiming: Sandblast (safe; 1% risk of failure)
Press: ? - help, Shift-Dir - straight line, f/p - acid dragon
Aim: an acid dragon (moderately wounded, catching its breath)
The blast of sand hits the acid dragon.
You kill the acid dragon!
Cheibriados thoroughly appreciates the change of pace.
h - 2835 stones
b - a scroll of identify {@r1} A hornet zombie comes into view.
An electric eel comes into view.
The vault guard hits you with a +0 great mace! x2
* * * LOW HITPOINT WARNING * * *
You block the vault guard's attack.
Okay, then.
Casting: Sandblast (safe; 1% risk of failure)
Confirm with . or Enter, or press ? or * to list all spells.
You blink.
The vault guard closely misses you.
Really read
q - 6 scrolls of fear {!r}?
As you read the scroll of fear {!r}, it crumbles to dust.
You assume a fearsome visage.
The vault guard looks frightened!
The vault guard howls, "Help!"
The electric eel shoots out a bolt of lightning at you!
The bolt of electricity hits you!
* * * LOW HITPOINT WARNING * * *
The bolt of electricity hits you!
You die...

#≈≈≈≈≈≈≈≈≈≈≈≈≈≈
###.≈p≈≈≈≈≈≈≈≈≈
#..≈≈≈≈≈≈≈≈≈≈
#...≈;≈≈Z≈≈≈≈≈≈≈≈
#......≈≈≈≈≈≈≈≈≈≈
#...#####≈≈≈≈≈≈≈≈≈
#.........≈≈≈≈≈≈≈≈
#...#.###.#..#.#.#
#.@.#.# #.#..#.#.#
##†##.###.#..#.#.#
#.##............#
#.######.#.....##
#.. ...#.##..#
#### #####.##..#
#.##..###
#.##.....
#.##.####


You could see a vault guard (fleeing) and an electric eel.

Vanquished Creatures
  4 hydras
  4 death yaks
  Pikel (D:4)
  A swamp dragon (Lair:4)
  2 black mambas
  9 cane toads
  A gargoyle (D:7)
  2 centaur skeletons (D:10)
  3 rime drakes
  6 komodo dragons
  3 polar bears (Lair:4)
  4 hippogriffs
  9 blink frogs
  12 dream sheep
  3 basilisks
  29 yaks
  2 wyverns
  2 hungry ghosts
  An acid dragon (D:11)
  A naga (Lair:2)
  8 crocodiles
  6 porcupines
  3 water moccasins
  4 orc warriors
  2 phantoms
  4 sky beasts
  5 ice beasts
  2 slaves (D:4)
  4 ogres
  4 centaurs
  15 bullfrogs
  A big kobold (D:6)
  3 killer bees (D:7)
  3 howler monkeys
  3 electric eels
  A crimson imp (D:8)
  2 centaur zombies
  A bullfrog zombie (D:7)
  A quasit (D:7)
  16 jellies
  5 hounds
  4 orc wizards
  4 orc priests
  A bullfrog skeleton (D:5)
  4 iguanas
  Terence (D:3)
  2 hell rats (D:9)
  A statue (D:6)
  9 worker ants
  2 hound zombies
  Robin (D:3)
  A worker ant zombie (D:7)
  3 gnolls (D:7)
  13 adders
  A river rat (D:9)
  A shadow imp (D:7)
  4 oozes
  3 adder zombies
  3 worms
  3 dart slugs
  5 leopard geckos
  33 orcs
  2 ball pythons
  3 giant cockroaches (D:3)
  6 hobgoblins
  2 jackals
  16 kobolds
  9 quokkas
  5 bats
  3 frilled lizards
  14 goblins
  A leopard gecko skeleton (D:4)
  4 rats
356 creatures vanquished.

Vanquished Creatures (others)
  A slave (D:7)
  A leopard gecko (D:4)
  An orc (D:7)
  5 fungi
  6 plants (Lair:4)
14 creatures vanquished.

Grand Total: 370 creatures vanquished

Notes
Turn   | Place    | Note
-------+----------+-------------------------------------------
     0 | D:1      | MisterOstroum the Gnoll Wanderer began the quest for the
                  | Orb.
     0 | D:1      | MisterOstroum set off with the following items: a +2 hand
                  | crossbow, 116 bolts, a potion of agility {@q5 !q}, a potion
                  | of flight, a ration {!d}, a +0 robe
     0 | D:1      | Reached XP level 1. HP: 13/13 MP: 2/2
    93 | D:1      | Reached XP level 2. HP: 19/19 MP: 3/3
   646 | D:1      | Reached XP level 3. HP: 18/25 MP: 4/4
   838 | D:2      | Reached skill level 1 in Invocations
   932 | D:2      | Reached skill level 1 in Fighting
   932 | D:2      | Reached skill level 1 in Short Blades
   932 | D:2      | Reached skill level 1 in Long Blades
   932 | D:2      | Reached skill level 1 in Axes
   932 | D:2      | Reached skill level 1 in Maces & Flails
   932 | D:2      | Reached skill level 1 in Polearms
   932 | D:2      | Reached skill level 1 in Staves
   932 | D:2      | Reached skill level 1 in Slings
   932 | D:2      | Reached skill level 1 in Bows
   932 | D:2      | Reached skill level 1 in Throwing
   932 | D:2      | Reached skill level 1 in Stealth
   932 | D:2      | Reached skill level 1 in Spellcasting
   940 | D:2      | Reached XP level 4. HP: 32/32 MP: 4/6
  1254 | D:2      | Reached skill level 1 in Conjurations
  1254 | D:2      | Reached skill level 1 in Hexes
  1254 | D:2      | Reached skill level 1 in Charms
  1254 | D:2      | Reached skill level 1 in Summonings
  1254 | D:2      | Reached skill level 1 in Necromancy
  1254 | D:2      | Reached skill level 1 in Translocations
  1254 | D:2      | Reached skill level 1 in Transmutations
  1254 | D:2      | Reached skill level 1 in Fire Magic
  1254 | D:2      | Reached skill level 1 in Ice Magic
  1254 | D:2      | Reached skill level 1 in Air Magic
  1254 | D:2      | Reached skill level 1 in Earth Magic
  1254 | D:2      | Reached skill level 1 in Poison Magic
  1679 | D:3      | Reached XP level 5. HP: 37/37 MP: 7/7
  1830 | D:3      | Noticed Robin
  1860 | D:3      | Killed Robin
  2306 | D:3      | Noticed Terence
  2663 | D:3      | Killed Terence
  2663 | D:3      | Reached XP level 6. HP: 44/44 MP: 8/8
  2735 | D:4      | Found Hinonyno's Armour Boutique.
  2743 | D:4      | Bought a +0 cloak for 58 gold pieces
  2743 | D:4      | Bought a +0 buckler for 58 gold pieces
  2834 | D:4      | Found Nefat's Magic Scroll Shoppe.
  3073 | D:4      | Found a snail-covered altar of Cheibriados.
  3084 | D:4      | Became a worshipper of Cheibriados the Contemplative
  3109 | D:4      | Reached skill level 5 in Unarmed Combat
  3240 | D:4      | Noticed a sky beast
  3373 | D:4      | Noticed a slave
  3373 | D:4      | Noticed a slave
  3398 | D:4      | Killed a slave
  3426 | D:4      | Reached XP level 7. HP: 26/50 MP: 10/10
  3736 | D:4      | Noticed Pikel
  3770 | D:4      | Killed Pikel
  3770 | D:4      | Reached skill level 9 in Crossbows
  3770 | D:4      | Reached XP level 8. HP: 49/58 MP: 10/12
  3967 | D:4      | Got a fine lead ring
  3968 | D:4      | Identified the ring of Camum {Ice rN+ Str+4 Slay-4 Stlth+}
                  | (You found it on level 4 of the Dungeon)
  4018 | D:4      | Found Sifin's Jewellery Emporium.
  4226 | D:5      | Entered Level 5 of the Dungeon
  4226 | D:5      | Found a staircase to the Ecumenical Temple.
  4242 | D:5      | Found an ancient bone altar of Kikubaaqudgha.
  4243 | D:5      | Found a sparkling altar of Nemelex Xobeh.
  4244 | D:5      | Found a shadowy altar of Dithmenos.
  4246 | D:5      | Found a hazy altar of Hepliaklqana.
  4247 | D:5      | Found a shimmering blue altar of Sif Muna.
  4298 | D:5      | Reached * piety under Cheibriados
  4359 | D:5      | Found a sparkling altar of Nemelex Xobeh.
  4432 | D:5      | Reached XP level 9. HP: 65/65 MP: 14/14
  4812 | D:5      | Reached skill level 5 in Armour
  4812 | D:5      | Reached skill level 5 in Dodging
  4812 | D:5      | Reached skill level 5 in Shields
  4812 | D:5      | Reached skill level 5 in Evocations
  5111 | D:5      | Found a stormy altar of Qazlal.
  5327 | D:6      | Reached ** piety under Cheibriados
  5876 | D:6      | Reached skill level 5 in Invocations
  6330 | D:6      | Found a radiant altar of Vehumet.
  6754 | D:7      | Reached XP level 10. HP: 62/73 MP: 14/17
  6797 | D:7      | Reached *** piety under Cheibriados
  7111 | D:7      | Noticed a gargoyle
  7393 | D:7      | Reached skill level 5 in Fighting
  7393 | D:7      | Reached skill level 5 in Short Blades
  7393 | D:7      | Reached skill level 5 in Long Blades
  7393 | D:7      | Reached skill level 5 in Axes
  7393 | D:7      | Reached skill level 5 in Maces & Flails
  7393 | D:7      | Reached skill level 5 in Polearms
  7393 | D:7      | Reached skill level 5 in Staves
  7393 | D:7      | Reached skill level 5 in Slings
  7393 | D:7      | Reached skill level 5 in Bows
  7393 | D:7      | Reached skill level 5 in Throwing
  7393 | D:7      | Reached skill level 5 in Stealth
  7393 | D:7      | Reached skill level 5 in Spellcasting
  7491 | D:7      | Got a shimmering robe
  7712 | D:7      | Killed a gargoyle
  7712 | D:7      | Reached skill level 10 in Crossbows
  8046 | D:8      | Found Zin's Purification Station.
  8049 | D:8      | Found a glowing silver altar of Zin.
  8446 | D:8      | Found a shimmering blue altar of Sif Muna.
  8465 | D:8      | Reached **** piety under Cheibriados
  8505 | D:8      | Learned a level 2 spell: Blink
  8508 | D:8      | Learned a level 2 spell: Call Imp
  8512 | D:8      | Learned a level 3 spell: Conjure Flame
  8516 | D:8      | Learned a level 3 spell: Mephitic Cloud
  8520 | D:8      | Learned a level 3 spell: Spider Form
  8914 | D:9      | Found Zihe's Armour Shop.
  8941 | D:9      | Found an opulent altar of Gozag.
  8942 | D:9      | Found a basalt altar of Yredelemnul.
  9044 | D:9      | Noticed a death yak
  9050 | D:9      | Noticed a death yak
  9053 | D:9      | Noticed a death yak
  9059 | D:9      | Found a staircase to the Lair.
 10006 | Lair:1   | Entered Level 1 of the Lair of Beasts
 10008 | Lair:1   | Reached XP level 11. HP: 81/81 MP: 14/19
 10460 | Lair:1   | Reached skill level 5 in Conjurations
 10460 | Lair:1   | Reached skill level 5 in Hexes
 10460 | Lair:1   | Reached skill level 5 in Charms
 10460 | Lair:1   | Reached skill level 5 in Summonings
 10460 | Lair:1   | Reached skill level 5 in Necromancy
 10460 | Lair:1   | Reached skill level 5 in Translocations
 10460 | Lair:1   | Reached skill level 5 in Transmutations
 10460 | Lair:1   | Reached skill level 5 in Fire Magic
 10460 | Lair:1   | Reached skill level 5 in Ice Magic
 10460 | Lair:1   | Reached skill level 5 in Air Magic
 10460 | Lair:1   | Reached skill level 5 in Earth Magic
 10460 | Lair:1   | Reached skill level 5 in Poison Magic
 11427 | Lair:2   | Found a hide-covered altar of Uskayaw.
 11450 | Lair:2   | Learned a level 1 spell: Sandblast
 11659 | Lair:2   | Found a staircase to the Snake Pit.
 12445 | Lair:3   | Noticed an oklob plant
 12473 | Lair:3   | Reached XP level 12. HP: 73/89 MP: 22/22
 13152 | Lair:4   | Found a dark tunnel.
 13167 | Lair:4   | Reached skill level 11 in Crossbows
 13167 | Lair:4   | Reached XP level 13. HP: 96/96 MP: 22/24
 13170 | Volcano  | Entered a volcano
 13479 | Lair:4   | Reached ***** piety under Cheibriados
 13685 | Lair:4   | Found a staircase to the Swamp.
 14864 | Lair:5   | Found a staircase to the Slime Pits.
 14864 | Lair:5   | Found a viscous altar of Jiyva.
 14970 | Lair:5   | Got a wavering emerald amulet
 15021 | Lair:5   | Learned a level 1 spell: Apportation
 15023 | Lair:5   | Learned a level 1 spell: Infusion
 15027 | Lair:5   | Learned a level 1 spell: Slow
 15029 | Lair:5   | Learned a level 1 spell: Summon Butterflies
 15650 | D:9      | Found a glowing golden altar of the Shining One.
 16015 | D:10     | Entered Level 10 of the Dungeon
 16091 | D:10     | Identified the amulet "Uqytecot" {+Blink +Rage} (You found
                  | it on level 5 of the Lair of Beasts)
 16549 | D:10     | Reached XP level 14. HP: 106/106 MP: 19/26
 16734 | D:10     | Reached ****** piety under Cheibriados
 16957 | D:11     | Found a gate to the Vaults.
 17080 | D:11     | Killed from afar by an electric eel

Skill      XL: |  1  2  3  4  5  6  7  8  9 10 11 12 13 14 |
---------------+-------------------------------------------+-----
Invocations    | 1 2 3 4 5 6 7 8 9 |  9.3
Fighting       | 1 2 3 4 5 6 7 8 |  8.5
Short Blades   | 1 2 3 4 5 6 7 8 |  8.5
Long Blades    | 1 2 3 4 5 6 7 8 |  8.5
Axes           | 1 2 3 4 5 6 7 8 |  8.5
Maces & Flails | 1 2 3 4 5 6 7 8 |  8.5
Polearms       | 1 2 3 4 5 6 7 8 |  8.5
Staves         | 1 2 3 4 5 6 7 8 |  8.5
Slings         | 1 2 3 4 5 6 7 8 |  8.5
Bows           | 1 2 3 4 5 6 7 8 |  8.5
Throwing       | 1 2 3 4 5 6 7 8 |  8.5
Stealth        | 1 2 3 4 5 6 7 8 |  8.5
Spellcasting   | 1 2 3 4 5 6 7 8 |  8.5
Conjurations   | 1 2 3 4 5 6 7 |  7.1
Hexes          | 1 2 3 4 5 6 7 |  7.1
Charms         | 1 2 3 4 5 6 7 |  7.1
Summonings     | 1 2 3 4 5 6 7 |  7.1
Necromancy     | 1 2 3 4 5 6 7 |  7.1
Translocations | 1 2 3 4 5 6 7 |  7.1
Transmutations | 1 2 3 4 5 6 7 |  7.1
Fire Magic     | 1 2 3 4 5 6 7 |  7.1
Ice Magic      | 1 2 3 4 5 6 7 |  7.1
Air Magic      | 1 2 3 4 5 6 7 |  7.1
Earth Magic    | 1 2 3 4 5 6 7 |  7.1
Poison Magic   | 1 2 3 4 5 6 7 |  7.1
Armour         | 3 4 5 6 7 8 9 |  9.0
Dodging        | 3 4 5 6 7 8 9 |  9.0
Shields        | 3 4 5 6 7 8 9 |  9.0
Evocations     | 3 4 5 6 7 8 9 |  9.0
Unarmed Combat | 5 6 7 8 9 |  9.7
Crossbows      | 9 10 11 | 11.8

Action                   |  1- 3 |  4- 6 |  7- 9 | 10-12 | 13-15 || total
-------------------------+-------+-------+-------+-------+-------++-------
Melee: Unarmed           |    32 |   210 |   280 |   109 |    36 ||   667
       Dagger            |    25 |       |    42 |   288 |   254 ||   609
       Bite              |     4 |    35 |    65 |   120 |   100 ||   324
       Short sword       |       |    65 |    37 |       |       ||   102
       Whip              |       |       |       |    69 |    50 ||   119
 Fire: Hand crossbow     |    28 |    53 |    74 |   164 |    98 ||   417
       Hunting sling     |    15 |    21 |    27 |       |       ||    63
       Fustibalus        |       |       |       |       |    28 ||    28
Throw: Stone             |     1 |     5 |     2 |       |       ||     8
       Tomahawk          |       |       |       |    19 |    34 ||    53
 Cast: Blink             |       |       |       |    13 |    35 ||    48
       Sandblast         |       |       |       |     5 |     7 ||    12
       Call Imp          |       |       |       |     1 |       ||     1
       Mephitic Cloud    |       |       |       |       |     7 ||     7
       Infusion          |       |       |       |       |     1 ||     1
Invok: Bend Time         |       |       |     4 |     1 |       ||     5
       Temporal Distorti |       |       |       |     4 |     1 ||     5
       Slouch            |       |       |       |       |     1 ||     1
Evoke: Wand              |       |       |     2 |    12 |     2 ||    16
       Lightning rod     |       |       |       |     3 |       ||     3
  Use: Scroll            |       |    10 |     3 |    16 |     2 ||    31
       Potion            |       |       |     1 |     1 |       ||     2
 Stab: Sleeping          |     1 |       |       |       |     5 ||     6
       Confused          |       |       |       |       |     6 ||     6
  Eat: Chunk             |       |     8 |     8 |    12 |     6 ||    34
       Ration            |       |       |       |       |     1 ||     1
Armor: Ring mail         |    32 |       |       |    30 |    42 ||   104
       Robe              |     2 |       |       |       |       ||     2
       Chain mail        |       |   122 |   116 |    40 |       ||   278
       Skin              |       |       |     2 |       |       ||     2
       Leather armour    |       |       |       |     4 |       ||     4
Dodge: Dodged            |    38 |    52 |    41 |   127 |    98 ||   356
Block: Large shield      |    44 |    60 |   246 |   361 |   240 ||   951
       Buckler           |       |     5 |       |    14 |       ||    19
